Senators vs Gulls
Created - November 13, 2024 at 20:27
Goals
|
| Senators |
0 |
1 |
0 |
1 |
2 |
| Gulls |
0 |
1 |
0 |
0 |
1 |
|
Shots
|
| Senators |
11 |
14 |
9 |
1 |
35 |
| Gulls |
7 |
8 |
14 |
0 |
29 |
|
1st period
No Goal
Penalties :
No Penalty
2nd period
1. Gulls , Jakub Vrana 2 (Logan Brown 8, Anton Blidh 4) at 1:20
2. Senators , Vitaly Abramov 4 (Zac Leslie 2) at 10:40
Penalties :
Logan Brown (S.D) for Interference (Minor) at 13:45, Troy Terry (S.D) for Holding Stick (Minor) at 19:35
3rd period
No Goal
Penalties :
Kiefer Sherwood (Bel) for Interference (Minor) at 12:56, Alec Regula (Bel) for Holding (Minor) at 16:37
Overtime #1
3. Senators , C.J Suess 6 (Christoph Bertschy 8, Zac Leslie 3) at 0:12
Penalties :
No Penalty
Goalie Stats
David Rittich (Bel), 28 saves from 29 shots - (0.966), W, 5-2-1, 60:12 minutes
Louis Domingue (S.D), 33 saves from 35 shots - (0.943), OTL, 2-5-2, 60:12 minutes
Players Stats for Senators
Player Name G A P +/- PIM S H SB GA TA FO MP PP MP PK MP
------------------------------------------------------------------------------------
Akil Thomas 0 0 0 1 0 1 1 0 0 0 3/9 12:10 0:00 0:13
Alec Regula 0 0 0 0 2 0 0 0 0 0 0/0 6:07 0:00 0:00
Artem Zub 0 0 0 1 0 1 0 0 0 2 0/0 21:28 2:25 1:56
Arttu Ruotsalainen 0 0 0 0 0 1 1 0 0 0 8/16 18:25 1:35 0:49
Axel Jonsson-Fjallby 0 0 0 0 0 2 0 0 0 0 0/1 7:35 0:00 0:00
Bryce Kindopp 0 0 0 0 0 1 0 0 0 0 0/1 7:35 0:00 0:00
C.J Suess 1 0 1 0 0 5 1 0 1 0 1/3 20:34 2:23 2:12
Carl Grundstrom 0 0 0 0 0 1 0 0 0 0 0/1 18:51 1:35 0:54
Christoph Bertschy 0 1 1 0 0 7 0 0 0 0 15/27 20:47 2:23 2:09
Gustav Forsling 0 0 0 0 0 2 0 1 0 0 0/0 6:05 0:00 0:00
Jesse Graham 0 0 0 -1 0 1 0 2 1 0 0/0 21:25 1:33 2:02
Jonas Siegenthaler 0 0 0 -1 0 0 0 2 0 1 0/0 21:25 1:33 2:02
Kiefer Sherwood 0 0 0 -1 2 1 2 0 0 0 0/0 18:46 2:23 0:00
Logan O'Connor 0 0 0 1 0 0 1 1 0 0 0/0 12:08 0:00 0:00
Marc Michaelis 0 0 0 0 0 4 2 1 1 1 1/2 19:25 1:35 1:38
Martin Fehervary 0 0 0 0 0 1 0 0 0 1 0/0 11:02 0:00 0:00
Mason Geertsen 0 0 0 0 0 1 0 1 0 0 0/0 11:02 0:00 0:00
Tyler Angle 0 0 0 0 0 1 1 0 0 0 2/3 7:35 0:00 0:00
Vitaly Abramov 1 0 1 1 0 2 0 1 0 0 0/0 12:31 0:00 0:01
Zac Leslie 0 2 2 2 0 3 2 1 0 1 0/0 21:40 2:25 1:56
Players Stats for Gulls
Player Name G A P +/- PIM S H SB GA TA FO MP PP MP PK MP
------------------------------------------------------------------------------------
Andrei Mironov 0 0 0 1 0 0 0 0 0 0 0/0 26:24 2:36 2:26
Anton Blidh 0 1 1 1 0 1 3 0 0 0 1/2 21:50 2:08 2:24
Barrett Hayton 0 0 0 0 0 1 2 0 0 0 1/2 9:21 0:00 0:51
Connor Clifton 0 0 0 0 0 1 0 1 0 0 0/0 13:50 0:00 0:00
Dean Kukan 0 0 0 0 0 1 1 3 0 1 0/0 26:36 2:36 2:26
Dylan DeMelo 0 0 0 -1 0 0 2 2 0 0 0/0 19:46 1:22 1:32
Henri Ikonen 0 0 0 -1 0 3 2 0 1 0 1/2 13:20 0:00 0:57
Jack Glover 0 0 0 -1 0 1 0 1 2 1 0/0 19:46 1:22 1:32
Jakub Vrana 1 0 1 1 0 3 0 1 0 0 0/0 19:25 2:08 0:00
Logan Brown 0 1 1 0 2 2 2 1 2 0 18/37 21:04 2:08 1:21
Luke Kunin 0 0 0 -1 0 1 2 0 0 0 1/3 11:52 0:00 0:00
Mikhail Maltsev 0 0 0 0 0 2 0 1 0 1 0/0 8:17 0:00 0:07
Morgan Frost 0 0 0 0 0 3 1 1 0 0 7/9 16:45 1:50 0:42
Nick Merkley 0 0 0 0 0 2 4 0 0 0 0/1 8:41 0:00 0:00
Scott Wilson 0 0 0 -1 0 4 2 0 0 0 3/4 15:57 1:50 0:00
Sergey Tolchinsky 0 0 0 0 0 2 0 0 0 0 1/3 17:37 1:50 1:34
Tarmo Reunanen 0 0 0 0 0 0 0 2 0 0 0/0 13:50 0:00 0:00
Troy Terry 0 0 0 -1 2 2 4 1 1 0 0/0 12:15 0:00 0:00
3 Stars
1 - David Rittich (Bel)
2 - Zac Leslie (Bel)
3 - Louis Domingue (S.D)
Power Play
Senators - 0 on 2 Attempt(s) - 0.00%
Gulls - 0 on 2 Attempt(s) - 0.00%
Penalty Kill
Senators - 2 on 2 Attempt(s) - 100.00%
- Score 0 goal in Penalty Kill
Gulls - 2 on 2 Attempt(s) - 100.00%
- Score 0 goal in Penalty Kill
Team Stat
Senators - Hits : 11 - Faceoff Wins : 30 - Blocked Shots : 10 - Penalty Minutes : 4
Gulls - Hits : 25 - Faceoff Wins : 33 - Blocked Shots : 14 - Penalty Minutes : 4
Official
Referees : Michael Markovic and Mitch Dunning
Linesman : Kyle Flemington and Brian Mach
Game Notes
12:00 of 3rd period - Gulls goal is going for a video replay. After video review, No Goal. The puck has been directed, batted or thrown into the net by an attacking player other than with a stick.
Finance
Level 1 -- Attendance: 1977 (98.85%) -- Ticket Income $138,390
Level 2 -- Attendance: 997 (99.70%) -- Ticket Income $39,880
Total Attendance: 2974 (99.13%)
Total Ticket Income: $178,270
Other Income: $8,914
Total Income: $187,184
Senators
5 vs 5 Forward
Center Left Wing Right Wing Time % Phy DF OF
1 Christoph Bertschy C.J Suess Kiefer Sherwood 35 0 2 3
2 Arttu Ruotsalainen Marc Michaelis Carl Grundstrom 35 1 2 2
3 Akil Thomas Vitaly Abramov Logan O'Connor 20 1 2 2
4 Tyler Angle Axel Jonsson-Fjallby Bryce Kindopp 10 1 2 2
5 vs 5 Defense
Defense Defense Time % Phy DF OF
1 Zac Leslie Artem Zub 35 0 2 3
2 Jesse Graham Jonas Siegenthaler 35 1 2 2
3 Mason Geertsen Martin Fehervary 20 1 2 2
4 Gustav Forsling Alec Regula 10 1 2 2
PowerPlay Forward
Center Left Wing Right Wing Time % Phy DF OF
1 Christoph Bertschy C.J Suess Kiefer Sherwood 60 0 0 5
2 Arttu Ruotsalainen Marc Michaelis Carl Grundstrom 40 0 0 5
PowerPlay Defense
Defense Defense Time % Phy DF OF
1 Zac Leslie Artem Zub 60 0 0 5
2 Jesse Graham Jonas Siegenthaler 40 0 0 5
Penalty Kill 4 Players Forward
Center Wing Time % Phy DF OF
1 Christoph Bertschy C.J Suess 60 1 3 1
2 Arttu Ruotsalainen Marc Michaelis 40 1 3 1
Penalty Kill 4 Players Defense
Defense Defense Time % Phy DF OF
1 Zac Leslie Artem Zub 60 1 3 1
2 Jesse Graham Jonas Siegenthaler 40 1 3 1
Penalty Kill - 3 Players Forward
Forward Time % Phy DF OF
1 Christoph Bertschy 60 1 3 1
2 Arttu Ruotsalainen 40 1 3 1
Penalty Kill - 3 Players Defense
Defense Defense Time % Phy DF OF
1 Zac Leslie Artem Zub 60 1 3 1
2 Jesse Graham Jonas Siegenthaler 40 1 3 1
4 vs 4 Forward
Center Wing Time % Phy DF OF
1 Christoph Bertschy C.J Suess 60 1 2 2
2 Arttu Ruotsalainen Marc Michaelis 40 1 2 2
4 vs 4 Defense
Defense Defense Time % Phy DF OF
1 Zac Leslie Artem Zub 60 1 2 2
2 Jesse Graham Jonas Siegenthaler 40 1 2 2
Last Minutes Offensive
Center Left Wing Right Wing Defense Defense
Christoph Bertschy C.J Suess Kiefer Sherwood Zac Leslie Artem Zub
Last Minutes Defensive
Center Left Wing Right Wing Defense Defense
Christoph Bertschy C.J Suess Kiefer Sherwood Zac Leslie Artem Zub
Goaltenders
Starting : David Rittich
Backup : Arvid Soderblom
Extra Forwards
Normal : Carl Grundstrom, Logan O'Connor, Vitaly Abramov - PP : Carl Grundstrom, Logan O'Connor - PK : Carl Grundstrom
Extra Defensemen
Normal : Martin Fehervary, Gustav Forsling, Alec Regula - PP : Martin Fehervary - PK : Martin Fehervary, Gustav Forsling
Penalty Shots
Christoph Bertschy, C.J Suess, Marc Michaelis, Kiefer Sherwood, Carl Grundstrom
Custom OT Lines Forwards
Christoph Bertschy, C.J Suess, Marc Michaelis, Kiefer Sherwood, Carl Grundstrom, Logan O'Connor, Vitaly Abramov, Axel Jonsson-Fjallby, Arttu Ruotsalainen, Bryce Kindopp
Custom OT Lines Defensemen
Zac Leslie, Artem Zub, Jesse Graham, Jonas Siegenthaler, Mason Geertsen
Scratches
Anton Karlsson (Healthy), Ivan Morozov (Healthy), Cliff Pu (Healthy), Jett Woo (Healthy), Adam Mascherin (Healthy)
Olivier Rodrigue (Healthy)
Gulls
5 vs 5 Forward
Center Left Wing Right Wing Time % Phy DF OF
1 Logan Brown Anton Blidh Jakub Vrana 40 0 2 3
2 Morgan Frost Sergey Tolchinsky Scott Wilson 30 0 2 3
3 Luke Kunin Henri Ikonen Troy Terry 20 0 2 3
4 Barrett Hayton Mikhail Maltsev Nick Merkley 10 0 2 3
5 vs 5 Defense
Defense Defense Time % Phy DF OF
1 Dean Kukan Andrei Mironov 40 0 2 3
2 Dylan DeMelo Jack Glover 30 0 3 2
3 Connor Clifton Tarmo Reunanen 20 0 2 3
4 Dean Kukan Andrei Mironov 10 0 2 3
PowerPlay Forward
Center Left Wing Right Wing Time % Phy DF OF
1 Logan Brown Anton Blidh Jakub Vrana 60 0 1 4
2 Morgan Frost Sergey Tolchinsky Scott Wilson 40 0 1 4
PowerPlay Defense
Defense Defense Time % Phy DF OF
1 Dean Kukan Andrei Mironov 60 0 2 3
2 Dylan DeMelo Jack Glover 40 0 2 3
Penalty Kill 4 Players Forward
Center Wing Time % Phy DF OF
1 Logan Brown Anton Blidh 60 0 4 1
2 Morgan Frost Sergey Tolchinsky 40 0 4 1
Penalty Kill 4 Players Defense
Defense Defense Time % Phy DF OF
1 Dean Kukan Andrei Mironov 60 0 4 1
2 Dylan DeMelo Jack Glover 40 0 4 1
Penalty Kill - 3 Players Forward
Forward Time % Phy DF OF
1 Logan Brown 60 0 5 0
2 Morgan Frost 40 0 5 0
Penalty Kill - 3 Players Defense
Defense Defense Time % Phy DF OF
1 Dean Kukan Andrei Mironov 60 0 5 0
2 Dylan DeMelo Jack Glover 40 0 5 0
4 vs 4 Forward
Center Wing Time % Phy DF OF
1 Logan Brown Anton Blidh 60 0 2 3
2 Morgan Frost Sergey Tolchinsky 40 0 2 3
4 vs 4 Defense
Defense Defense Time % Phy DF OF
1 Dean Kukan Andrei Mironov 60 0 2 3
2 Dylan DeMelo Jack Glover 40 0 2 3
Last Minutes Offensive
Center Left Wing Right Wing Defense Defense
Logan Brown Anton Blidh Jakub Vrana Dean Kukan Andrei Mironov
Last Minutes Defensive
Center Left Wing Right Wing Defense Defense
Logan Brown Anton Blidh Jakub Vrana Dean Kukan Andrei Mironov
Goaltenders
Starting : Louis Domingue
Backup : Eamon McAdam
Extra Forwards
Normal : Sergey Tolchinsky, Troy Terry, Morgan Frost - PP : Sergey Tolchinsky, Troy Terry - PK : Sergey Tolchinsky
Extra Defensemen
Normal : Jack Glover, Connor Clifton, Tarmo Reunanen - PP : Jack Glover - PK : Jack Glover, Connor Clifton
Penalty Shots
Jakub Vrana, Logan Brown, Scott Wilson, Anton Blidh, Sergey Tolchinsky
Custom OT Lines Forwards
Jakub Vrana, Logan Brown, Scott Wilson, Anton Blidh, Sergey Tolchinsky, Troy Terry, Morgan Frost, Nick Merkley, Henri Ikonen, Mikhail Maltsev
Custom OT Lines Defensemen
Dean Kukan, Andrei Mironov, Dylan DeMelo, Jack Glover, Connor Clifton
Scratches
Branden Troock (Healthy), Damien Giroux (Healthy), Jake Pivonka (Healthy), Francis Perron (Healthy), Ryan Collins (Healthy)
Taylor Leier (Healthy), MacKenzie Entwistle (Healthy), Zack MacEwen (Healthy), Niklas Nordgren (Healthy), John Beecher (Healthy)
Massimo Rizzo (Healthy), Markus Niemelainen (Healthy), Drew Helleson (Healthy), Pavel Dorofeyev (Healthy), Alexis Gravel (Healthy)
Connor Ingram (Healthy), Mads Sogaard (Healthy)
% Time on Ice - Senators
Lines # - Real PCT - Wanted PCT - Time Play
Normal Forward
1 - 32% - 35% - 16:47
2 - 31% - 35% - 16:01
3 - 22% - 20% - 11:41
4 - 15% - 10% - 7:35
Normal Defense
1 - 33% - 35% - 17:07
2 - 34% - 35% - 17:50
3 - 21% - 20% - 11:02
4 - 12% - 10% - 6:05
PP Forward
1 - 60% - 60% - 2:23
2 - 40% - 40% - 1:35
PP Defense
1 - 61% - 60% - 2:25
2 - 39% - 40% - 1:33
PK Forward
1 - 79% - 60% - 3:09
2 - 21% - 40% - 0:49
PK Defense
1 - 49% - 60% - 1:56
2 - 51% - 40% - 2:02
PK3 Forward
1 - 0% - 60%
2 - 0% - 40%
PK3 Defense
1 - 0% - 60%
2 - 0% - 40%
44 Forward
1 - 0% - 60%
2 - 0% - 40%
44 Defense
1 - 0% - 60%
2 - 0% - 40%
Last Minute Offensive - 0:00
Last Minute Defensive - 0:00
Total
Forward - 60:00
Defense - 60:00
|
% Time on Ice - Gulls
Lines # - Real PCT - Wanted PCT - Time Play
Normal Forward
1 - 34% - 40% - 17:55
2 - 27% - 30% - 14:07
3 - 23% - 20% - 11:52
4 - 16% - 10% - 8:10
Normal Defense
1 - 37% - 40% - 19:29
2 - 32% - 30% - 16:52
3 - 25% - 20% - 13:13
4 - 5% - 10% - 2:30
PP Forward
1 - 54% - 60% - 2:08
2 - 46% - 40% - 1:50
PP Defense
1 - 66% - 60% - 2:36
2 - 34% - 40% - 1:22
PK Forward
1 - 89% - 60% - 3:32
2 - 11% - 40% - 0:26
PK Defense
1 - 61% - 60% - 2:26
2 - 39% - 40% - 1:32
PK3 Forward
1 - 0% - 60%
2 - 0% - 40%
PK3 Defense
1 - 0% - 60%
2 - 0% - 40%
44 Forward
1 - 0% - 60%
2 - 0% - 40%
44 Defense
1 - 0% - 60%
2 - 0% - 40%
Last Minute Offensive - 0:00
Last Minute Defensive - 0:00
Total
Forward - 60:00
Defense - 60:00
|
Play-by-Play
1st period
0:01 of 1st period - Logan Brown wins face-off versus Christoph Bertschy in neutral zone.
0:15 of 1st period - Wrist shot by Christoph Bertschy.
0:15 of 1st period - Stopped by Louis Domingue without a rebound.
0:16 of 1st period - Scott Wilson wins face-off versus Arttu Ruotsalainen in Gulls zone.
0:33 of 1st period - Icing by Jonas Siegenthaler.
0:34 of 1st period - Arttu Ruotsalainen wins face-off versus Luke Kunin in Senators zone.
0:47 of 1st period - Snap shot by Carl Grundstrom.
0:47 of 1st period - Stopped by Louis Domingue without a rebound.
0:48 of 1st period - Barrett Hayton wins face-off versus Akil Thomas in Gulls zone.
0:48 of 1st period - Barrett Hayton is hit by Logan O'Connor.
2:01 of 1st period - Slapshot by Scott Wilson.
2:01 of 1st period - Shot Blocked by Zac Leslie.
2:03 of 1st period - Snap shot by Sergey Tolchinsky.
2:03 of 1st period - Shot Blocked by Marc Michaelis.
2:05 of 1st period - Snap shot by Jack Glover.
2:05 of 1st period - Shot Misses the Net.
2:07 of 1st period - Slapshot by Dylan DeMelo.
2:07 of 1st period - Deflect By Scott Wilson.
2:07 of 1st period - Shot Misses the Net.
2:07 of 1st period - Puck is out of play.
2:08 of 1st period - Christoph Bertschy wins face-off versus Logan Brown in Senators zone.
2:33 of 1st period - Jonas Siegenthaler is hit by Scott Wilson and loses puck.
2:42 of 1st period - Slapshot by Sergey Tolchinsky.
2:42 of 1st period - Deflect By Scott Wilson.
2:42 of 1st period - Stopped by David Rittich without a rebound.
2:43 of 1st period - Akil Thomas wins face-off versus Logan Brown in Senators zone.
2:56 of 1st period - Icing by Dean Kukan.
2:57 of 1st period - Logan Brown wins face-off versus Christoph Bertschy in Gulls zone.
3:22 of 1st period - Carl Grundstrom is hit by Luke Kunin and loses puck.
3:41 of 1st period - Andrei Mironov is hit by Zac Leslie and loses puck.
4:00 of 1st period - Slapshot by Troy Terry.
4:00 of 1st period - Shot Misses the Net.
5:18 of 1st period - Snap shot by Henri Ikonen.
5:18 of 1st period - Shot Misses the Net.
5:20 of 1st period - Snap shot by Henri Ikonen.
5:20 of 1st period - Stopped by David Rittich without a rebound.
5:21 of 1st period - Logan Brown wins face-off versus Christoph Bertschy in Senators zone.
5:34 of 1st period - Wrist shot by Anton Blidh.
5:34 of 1st period - Shot Misses the Net.
5:36 of 1st period - Slapshot by Dylan DeMelo.
5:36 of 1st period - Shot Misses the Net.
5:48 of 1st period - Wrist shot by Morgan Frost.
5:48 of 1st period - Shot Misses the Net.
5:50 of 1st period - Slapshot by Connor Clifton.
5:50 of 1st period - Stopped by David Rittich without a rebound.
5:51 of 1st period - Morgan Frost wins face-off versus Akil Thomas in Senators zone.
5:56 of 1st period - Snap shot by Sergey Tolchinsky.
5:56 of 1st period - Shot Blocked by Mason Geertsen.
5:58 of 1st period - Snap shot by Sergey Tolchinsky.
5:58 of 1st period - Shot Misses the Net.
6:00 of 1st period - Slapshot by Tarmo Reunanen.
6:00 of 1st period - Shot Misses the Net.
6:02 of 1st period - Snap shot by Scott Wilson.
6:02 of 1st period - Stopped by David Rittich without a rebound.
6:03 of 1st period - Christoph Bertschy wins face-off versus Logan Brown in Senators zone.
6:03 of 1st period - Christoph Bertschy is hit by Logan Brown.
6:35 of 1st period - Wrist shot by Vitaly Abramov.
6:35 of 1st period - Stopped by Louis Domingue without a rebound.
6:36 of 1st period - Morgan Frost wins face-off versus Axel Jonsson-Fjallby in Gulls zone.
6:38 of 1st period - Icing by Scott Wilson.
6:39 of 1st period - Morgan Frost wins face-off versus Tyler Angle in Gulls zone.
7:06 of 1st period - Snap shot by Gustav Forsling.
7:06 of 1st period - Shot Blocked by Connor Clifton.
7:08 of 1st period - Slapshot by Alec Regula.
7:08 of 1st period - Shot Blocked by Tarmo Reunanen.
7:10 of 1st period - Slapshot by Gustav Forsling.
7:10 of 1st period - Stopped by Louis Domingue without a rebound.
7:11 of 1st period - Logan Brown wins face-off versus Christoph Bertschy in Gulls zone.
7:11 of 1st period - Logan Brown is hit by Kiefer Sherwood.
7:39 of 1st period - Logan O'Connor is hit by Dylan DeMelo and loses puck.
8:00 of 1st period - Wrist shot by Carl Grundstrom.
8:00 of 1st period - Shot Blocked by Jack Glover.
9:02 of 1st period - Snap shot by Nick Merkley.
9:02 of 1st period - Shot Blocked by Vitaly Abramov.
10:58 of 1st period - Snap shot by Anton Blidh.
10:58 of 1st period - Shot Blocked by Jonas Siegenthaler.
11:16 of 1st period - Zac Leslie is hit by Troy Terry.
11:26 of 1st period - Snap shot by Carl Grundstrom.
11:26 of 1st period - Shot Misses the Net.
11:36 of 1st period - Dylan DeMelo is hit by Zac Leslie.
12:08 of 1st period - Snap shot by C.J Suess.
12:08 of 1st period - Shot Blocked by Tarmo Reunanen.
12:10 of 1st period - Slapshot by Zac Leslie.
12:10 of 1st period - Stopped by Louis Domingue with a rebound.
12:12 of 1st period - Wrist shot by Christoph Bertschy.
12:12 of 1st period - Stopped by Louis Domingue with a rebound.
12:14 of 1st period - Snap shot by C.J Suess.
12:14 of 1st period - Stopped by Louis Domingue without a rebound.
12:15 of 1st period - Logan Brown wins face-off versus Arttu Ruotsalainen in Gulls zone.
12:20 of 1st period - Slapshot by Logan Brown.
12:20 of 1st period - Shot Misses the Net.
12:40 of 1st period - Jesse Graham is hit by Barrett Hayton and loses puck.
12:59 of 1st period - Wrist shot by Carl Grundstrom.
12:59 of 1st period - Shot Blocked by Dean Kukan.
13:07 of 1st period - Backhand shot by Arttu Ruotsalainen.
13:07 of 1st period - Shot Blocked by Mikhail Maltsev.
13:09 of 1st period - Snap shot by Carl Grundstrom.
13:09 of 1st period - Shot Misses the Net.
13:11 of 1st period - Slapshot by Marc Michaelis.
13:11 of 1st period - Deflect By Dean Kukan.
13:11 of 1st period - Stopped by Louis Domingue without a rebound.
13:12 of 1st period - C.J Suess wins face-off versus Logan Brown in Gulls zone.
13:15 of 1st period - Wrist shot by C.J Suess.
13:15 of 1st period - Stopped by Louis Domingue with a rebound.
13:25 of 1st period - Alec Regula is hit by Anton Blidh and loses puck.
13:44 of 1st period - Wrist shot by Logan O'Connor.
13:44 of 1st period - Shot Misses the Net.
14:05 of 1st period - Snap shot by Bryce Kindopp.
14:05 of 1st period - Shot Blocked by Troy Terry.
14:07 of 1st period - Snap shot by Axel Jonsson-Fjallby.
14:07 of 1st period - Shot Misses the Net.
14:09 of 1st period - Snap shot by Bryce Kindopp.
14:09 of 1st period - Stopped by Louis Domingue without a rebound.
14:10 of 1st period - Logan Brown wins face-off versus Christoph Bertschy in Gulls zone.
15:01 of 1st period - Carl Grundstrom is hit by Dylan DeMelo and loses puck.
15:44 of 1st period - Snap shot by Jakub Vrana.
15:44 of 1st period - Stopped by David Rittich with a rebound.
16:00 of 1st period - Snap shot by Morgan Frost.
16:00 of 1st period - Stopped by David Rittich without a rebound.
16:01 of 1st period - Akil Thomas wins face-off versus Anton Blidh in Senators zone.
17:15 of 1st period - Marc Michaelis is hit by Luke Kunin.
18:59 of 1st period - Slapshot by Sergey Tolchinsky.
18:59 of 1st period - Stopped by David Rittich with a rebound.
19:05 of 1st period - Marc Michaelis is hit by Scott Wilson.
19:38 of 1st period - Snap shot by Gustav Forsling.
19:38 of 1st period - Shot Blocked by Dylan DeMelo.
19:40 of 1st period - Slapshot by Gustav Forsling.
19:40 of 1st period - Stopped by Louis Domingue without a rebound.
19:41 of 1st period - Tyler Angle wins face-off versus Logan Brown in Gulls zone.
19:55 of 1st period - Artem Zub is hit by Anton Blidh and loses puck.
Goals for this period are 0 for Senators vs 0 for Gulls.
Shots for this period are 11 for Senators vs 7 for Gulls.
2nd period
0:01 of 2nd period - Logan Brown wins face-off versus C.J Suess in neutral zone.
0:06 of 2nd period - Snap shot by Jakub Vrana.
0:06 of 2nd period - Shot Blocked by Jesse Graham.
0:08 of 2nd period - Snap shot by Logan Brown.
0:08 of 2nd period - Stopped by David Rittich without a rebound.
0:09 of 2nd period - Logan Brown wins face-off versus Christoph Bertschy in Senators zone.
0:18 of 2nd period - Wrist shot by Jakub Vrana.
0:18 of 2nd period - Shot Misses the Net.
0:20 of 2nd period - Snap shot by Dean Kukan.
0:20 of 2nd period - Stopped by David Rittich with a rebound.
0:22 of 2nd period - Wrist shot by Dean Kukan.
0:22 of 2nd period - Shot Misses the Net.
0:38 of 2nd period - Wrist shot by Jakub Vrana.
0:38 of 2nd period - Stopped by David Rittich with a rebound.
0:46 of 2nd period - Wrist shot by Jakub Vrana.
0:46 of 2nd period - Shot Misses the Net.
1:20 of 2nd period - Snap shot by Jakub Vrana.
1:20 of 2nd period - Goal by Jakub Vrana - Senators : 0 - Gulls : 1.
1:21 of 2nd period - Arttu Ruotsalainen wins face-off versus Morgan Frost in neutral zone.
1:26 of 2nd period - Dylan DeMelo is hit by Marc Michaelis and loses puck.
1:33 of 2nd period - Wrist shot by Marc Michaelis.
1:33 of 2nd period - Shot Blocked by Morgan Frost.
1:35 of 2nd period - Wrist shot by Marc Michaelis.
1:35 of 2nd period - Stopped by Louis Domingue without a rebound.
1:36 of 2nd period - Morgan Frost wins face-off versus Akil Thomas in Gulls zone.
1:58 of 2nd period - Icing by Jack Glover.
1:59 of 2nd period - Scott Wilson wins face-off versus Arttu Ruotsalainen in Gulls zone.
2:24 of 2nd period - Kiefer Sherwood is hit by Troy Terry and loses puck.
2:53 of 2nd period - Backhand shot by Scott Wilson.
2:53 of 2nd period - Stopped by David Rittich without a rebound.
2:54 of 2nd period - Anton Blidh wins face-off versus Arttu Ruotsalainen in Senators zone.
3:07 of 2nd period - Wrist shot by Logan Brown.
3:07 of 2nd period - Deflect By Jakub Vrana.
3:07 of 2nd period - Shot Misses the Net.
3:07 of 2nd period - Puck is out of play.
3:08 of 2nd period - Morgan Frost wins face-off versus Christoph Bertschy in Senators zone.
3:33 of 2nd period - Marc Michaelis is hit by Anton Blidh and loses puck.
4:13 of 2nd period - Mason Geertsen is hit by Nick Merkley and loses puck.
4:32 of 2nd period - Icing by Mason Geertsen.
4:33 of 2nd period - Tyler Angle wins face-off versus Sergey Tolchinsky in Senators zone.
4:42 of 2nd period - Wrist shot by Christoph Bertschy.
4:42 of 2nd period - Stopped by Louis Domingue without a rebound.
4:43 of 2nd period - Logan Brown wins face-off versus Christoph Bertschy in Gulls zone.
5:05 of 2nd period - Snap shot by Morgan Frost.
5:05 of 2nd period - Shot Misses the Net.
5:33 of 2nd period - Icing by Zac Leslie.
5:34 of 2nd period - Logan Brown wins face-off versus Christoph Bertschy in Senators zone.
7:40 of 2nd period - Slapshot by Luke Kunin.
7:40 of 2nd period - Shot Misses the Net.
8:10 of 2nd period - Wrist shot by Mikhail Maltsev.
8:10 of 2nd period - Stopped by David Rittich without a rebound.
8:11 of 2nd period - Christoph Bertschy wins face-off versus Nick Merkley in Senators zone.
8:24 of 2nd period - Slapshot by Christoph Bertschy.
8:24 of 2nd period - Stopped by Louis Domingue with a rebound.
9:07 of 2nd period - Snap shot by Axel Jonsson-Fjallby.
9:07 of 2nd period - Stopped by Louis Domingue with a rebound.
9:17 of 2nd period - Vitaly Abramov is hit by Henri Ikonen and loses puck.
9:22 of 2nd period - Snap shot by Troy Terry.
9:22 of 2nd period - Shot Misses the Net.
9:36 of 2nd period - Zac Leslie is hit by Nick Merkley and loses puck.
9:41 of 2nd period - Wrist shot by Nick Merkley.
9:41 of 2nd period - Shot Misses the Net.
9:43 of 2nd period - Snap shot by Dylan DeMelo.
9:43 of 2nd period - Deflect By Nick Merkley.
9:43 of 2nd period - Shot Misses the Net.
9:43 of 2nd period - Puck is out of play.
9:44 of 2nd period - Logan Brown wins face-off versus Arttu Ruotsalainen in Senators zone.
10:15 of 2nd period - Dylan DeMelo is hit by Kiefer Sherwood and loses puck.
10:40 of 2nd period - Wrist shot by Vitaly Abramov.
10:40 of 2nd period - Goal by Vitaly Abramov - Senators : 1 - Gulls : 1.
10:41 of 2nd period - Logan Brown wins face-off versus Arttu Ruotsalainen in neutral zone.
11:15 of 2nd period - Slapshot by Christoph Bertschy.
11:15 of 2nd period - Stopped by Louis Domingue with a rebound.
11:32 of 2nd period - Off-side.
11:33 of 2nd period - Arttu Ruotsalainen wins face-off versus Barrett Hayton in neutral zone.
12:06 of 2nd period - Wrist shot by C.J Suess.
12:06 of 2nd period - Deflect By Kiefer Sherwood.
12:06 of 2nd period - Stopped by Louis Domingue with a rebound.
12:08 of 2nd period - Slapshot by C.J Suess.
12:08 of 2nd period - Shot Blocked by Jakub Vrana.
12:10 of 2nd period - Snap shot by Christoph Bertschy.
12:10 of 2nd period - Stopped by Louis Domingue without a rebound.
12:11 of 2nd period - Morgan Frost wins face-off versus Akil Thomas in Gulls zone.
12:16 of 2nd period - Akil Thomas is hit by Morgan Frost and loses puck.
12:23 of 2nd period - Slapshot by Zac Leslie.
12:23 of 2nd period - Stopped by Louis Domingue without a rebound.
12:24 of 2nd period - Arttu Ruotsalainen wins face-off versus Logan Brown in Gulls zone.
12:59 of 2nd period - Slapshot by C.J Suess.
12:59 of 2nd period - Stopped by Louis Domingue without a rebound.
13:00 of 2nd period - Marc Michaelis wins face-off versus Logan Brown in Gulls zone.
13:03 of 2nd period - Snap shot by Marc Michaelis.
13:03 of 2nd period - Stopped by Louis Domingue without a rebound.
13:04 of 2nd period - Arttu Ruotsalainen wins face-off versus Logan Brown in Gulls zone.
13:13 of 2nd period - Snap shot by Marc Michaelis.
13:13 of 2nd period - Stopped by Louis Domingue with a rebound.
13:15 of 2nd period - Slapshot by Artem Zub.
13:15 of 2nd period - Stopped by Louis Domingue without a rebound.
13:16 of 2nd period - Logan Brown wins face-off versus Christoph Bertschy in Gulls zone.
13:23 of 2nd period - Wrist shot by Logan Brown.
13:23 of 2nd period - Stopped by David Rittich without a rebound.
13:24 of 2nd period - Christoph Bertschy wins face-off versus Logan Brown in Senators zone.
13:24 of 2nd period - Christoph Bertschy is hit by Logan Brown.
13:45 of 2nd period - Minor Penalty to Logan Brown for Interference.
13:46 of 2nd period - Christoph Bertschy wins face-off versus Sergey Tolchinsky in Gulls zone.
13:49 of 2nd period - Slapshot by Artem Zub.
13:49 of 2nd period - Shot Blocked by Dean Kukan.
13:51 of 2nd period - Slapshot by Zac Leslie.
13:51 of 2nd period - Deflect By Anton Blidh.
13:51 of 2nd period - Stopped by Louis Domingue without a rebound.
13:52 of 2nd period - Sergey Tolchinsky wins face-off versus Christoph Bertschy in Gulls zone.
15:45 of 2nd period - Penalty to Logan Brown is over, Logan Brown is back on ice.
15:55 of 2nd period - Slapshot by Jack Glover.
15:55 of 2nd period - Stopped by David Rittich without a rebound.
15:56 of 2nd period - Luke Kunin wins face-off versus Akil Thomas in Senators zone.
15:57 of 2nd period - Wrist shot by Troy Terry.
15:57 of 2nd period - Shot Misses the Net.
16:03 of 2nd period - Troy Terry is hit by Akil Thomas and loses puck.
16:21 of 2nd period - Off-side.
16:22 of 2nd period - Logan Brown wins face-off versus Bryce Kindopp in neutral zone.
18:45 of 2nd period - Slapshot by Christoph Bertschy.
18:45 of 2nd period - Shot Misses the Net.
18:47 of 2nd period - Wrist shot by C.J Suess.
18:47 of 2nd period - Deflect By Mikhail Maltsev.
18:47 of 2nd period - Shot Misses the Net.
18:47 of 2nd period - Puck is out of play.
18:48 of 2nd period - Logan Brown wins face-off versus Arttu Ruotsalainen in Gulls zone.
19:35 of 2nd period - Minor Penalty to Troy Terry for Holding Stick.
19:36 of 2nd period - Logan Brown wins face-off versus Christoph Bertschy in Gulls zone.
19:46 of 2nd period - Wrist shot by Christoph Bertschy.
19:46 of 2nd period - Shot Misses the Net.
19:48 of 2nd period - Snap shot by Christoph Bertschy.
19:48 of 2nd period - Deflect By Anton Blidh.
19:48 of 2nd period - Shot Misses the Net.
19:48 of 2nd period - Puck is out of play.
19:49 of 2nd period - Christoph Bertschy wins face-off versus Logan Brown in Gulls zone.
Goals for this period are 1 for Senators vs 1 for Gulls.
Shots for this period are 14 for Senators vs 8 for Gulls.
3rd period
0:01 of 3rd period - Christoph Bertschy wins face-off versus Logan Brown in neutral zone.
0:08 of 3rd period - Slapshot by Zac Leslie.
0:08 of 3rd period - Shot Blocked by Logan Brown.
0:10 of 3rd period - Slapshot by Christoph Bertschy.
0:10 of 3rd period - Shot Blocked by Dean Kukan.
0:12 of 3rd period - Slapshot by C.J Suess.
0:12 of 3rd period - Shot Misses the Net.
1:35 of 3rd period - Penalty to Troy Terry is over, Troy Terry is back on ice.
1:58 of 3rd period - Snap shot by Nick Merkley.
1:58 of 3rd period - Stopped by David Rittich without a rebound.
1:59 of 3rd period - Akil Thomas wins face-off versus Henri Ikonen in Senators zone.
1:59 of 3rd period - Akil Thomas is hit by Henri Ikonen.
2:07 of 3rd period - Akil Thomas is hit by Troy Terry and loses puck.
2:24 of 3rd period - Marc Michaelis is hit by Nick Merkley and loses puck.
2:29 of 3rd period - Snap shot by Nick Merkley.
2:29 of 3rd period - Stopped by David Rittich with a rebound.
2:37 of 3rd period - Wrist shot by Mikhail Maltsev.
2:37 of 3rd period - Shot Misses the Net.
2:54 of 3rd period - Snap shot by Morgan Frost.
2:54 of 3rd period - Stopped by David Rittich without a rebound.
2:55 of 3rd period - Christoph Bertschy wins face-off versus Logan Brown in Senators zone.
3:54 of 3rd period - Slapshot by Akil Thomas.
3:54 of 3rd period - Stopped by Louis Domingue with a rebound.
4:10 of 3rd period - Wrist shot by Mikhail Maltsev.
4:10 of 3rd period - Deflect By Jesse Graham.
4:10 of 3rd period - Stopped by David Rittich with a rebound.
4:24 of 3rd period - Dean Kukan is hit by C.J Suess and loses puck.
4:29 of 3rd period - Wrist shot by Christoph Bertschy.
4:29 of 3rd period - Stopped by Louis Domingue without a rebound.
4:30 of 3rd period - Arttu Ruotsalainen wins face-off versus Logan Brown in Gulls zone.
4:39 of 3rd period - Snap shot by Marc Michaelis.
4:39 of 3rd period - Shot Blocked by Dylan DeMelo.
4:41 of 3rd period - Snap shot by Mason Geertsen.
4:41 of 3rd period - Stopped by Louis Domingue without a rebound.
4:42 of 3rd period - Christoph Bertschy wins face-off versus Logan Brown in Gulls zone.
4:53 of 3rd period - Slapshot by Christoph Bertschy.
4:53 of 3rd period - Shot Misses the Net.
4:55 of 3rd period - Snap shot by C.J Suess.
4:55 of 3rd period - Stopped by Louis Domingue with a rebound.
4:57 of 3rd period - Slapshot by Jesse Graham.
4:57 of 3rd period - Stopped by Louis Domingue with a rebound.
5:07 of 3rd period - Sergey Tolchinsky is hit by Arttu Ruotsalainen and loses puck.
5:36 of 3rd period - Snap shot by Henri Ikonen.
5:36 of 3rd period - Stopped by David Rittich with a rebound.
6:04 of 3rd period - Kiefer Sherwood is hit by Barrett Hayton and loses puck.
6:13 of 3rd period - Snap shot by Barrett Hayton.
6:13 of 3rd period - Stopped by David Rittich without a rebound.
6:14 of 3rd period - Arttu Ruotsalainen wins face-off versus Logan Brown in Senators zone.
7:19 of 3rd period - Tyler Angle is hit by Nick Merkley and loses puck.
7:26 of 3rd period - Slapshot by Martin Fehervary.
7:26 of 3rd period - Stopped by Louis Domingue with a rebound.
7:28 of 3rd period - Wrist shot by Tyler Angle.
7:28 of 3rd period - Stopped by Louis Domingue without a rebound.
7:29 of 3rd period - Arttu Ruotsalainen wins face-off versus Logan Brown in Gulls zone.
8:19 of 3rd period - Luke Kunin is hit by Tyler Angle and loses puck.
8:26 of 3rd period - Slapshot by Axel Jonsson-Fjallby.
8:26 of 3rd period - Stopped by Louis Domingue without a rebound.
8:27 of 3rd period - Logan Brown wins face-off versus Carl Grundstrom in Gulls zone.
8:46 of 3rd period - Anton Blidh is hit by Marc Michaelis and loses puck.
9:20 of 3rd period - Snap shot by Troy Terry.
9:20 of 3rd period - Stopped by David Rittich with a rebound.
9:22 of 3rd period - Snap shot by Henri Ikonen.
9:22 of 3rd period - Deflect By Troy Terry.
9:22 of 3rd period - Stopped by David Rittich without a rebound.
9:23 of 3rd period - Morgan Frost wins face-off versus Arttu Ruotsalainen in Senators zone.
9:32 of 3rd period - Snap shot by Scott Wilson.
9:32 of 3rd period - Deflect By Carl Grundstrom.
9:32 of 3rd period - Shot Blocked by Jonas Siegenthaler.
9:32 of 3rd period - Puck is out of play.
9:33 of 3rd period - Scott Wilson wins face-off versus Marc Michaelis in Senators zone.
9:49 of 3rd period - Snap shot by Arttu Ruotsalainen.
9:49 of 3rd period - Stopped by Louis Domingue without a rebound.
9:50 of 3rd period - Christoph Bertschy wins face-off versus Logan Brown in Gulls zone.
10:43 of 3rd period - Akil Thomas is hit by Dean Kukan and loses puck.
11:40 of 3rd period - Slapshot by Sergey Tolchinsky.
11:40 of 3rd period - Shot Misses the Net.
11:42 of 3rd period - Snap shot by Sergey Tolchinsky.
11:42 of 3rd period - Stopped by David Rittich with a rebound.
11:44 of 3rd period - Snap shot by Morgan Frost.
11:44 of 3rd period - Shot Blocked by Jesse Graham.
11:58 of 3rd period - Snap shot by Henri Ikonen.
11:58 of 3rd period - Stopped by David Rittich with a rebound.
12:00 of 3rd period - Wrist shot by Luke Kunin.
12:00 of 3rd period - Gulls goal is going for a video replay.
12:00 of 3rd period - The goal is refused. The puck has been directed, batted or thrown into the net by an attacking player other than with a stick..
12:01 of 3rd period - Christoph Bertschy wins face-off versus Luke Kunin in Senators zone.
12:01 of 3rd period - Christoph Bertschy is hit by Troy Terry.
12:49 of 3rd period - Wrist shot by Morgan Frost.
12:49 of 3rd period - Stopped by David Rittich with a rebound.
12:53 of 3rd period - Wrist shot by Scott Wilson.
12:53 of 3rd period - Stopped by David Rittich without a rebound.
12:54 of 3rd period - Christoph Bertschy wins face-off versus Morgan Frost in Senators zone.
12:56 of 3rd period - Minor Penalty to Kiefer Sherwood for Interference.
12:57 of 3rd period - Christoph Bertschy wins face-off versus Logan Brown in Senators zone.
14:56 of 3rd period - Penalty to Kiefer Sherwood is over, Kiefer Sherwood is back on ice.
15:29 of 3rd period - Slapshot by Artem Zub.
15:29 of 3rd period - Shot Misses the Net.
16:37 of 3rd period - Minor Penalty to Alec Regula for Holding.
16:38 of 3rd period - Logan Brown wins face-off versus C.J Suess in Senators zone.
16:53 of 3rd period - Slapshot by Anton Blidh.
16:53 of 3rd period - Stopped by David Rittich without a rebound.
16:54 of 3rd period - Christoph Bertschy wins face-off versus Logan Brown in Senators zone.
18:37 of 3rd period - Penalty to Alec Regula is over, Alec Regula is back on ice.
19:44 of 3rd period - Slapshot by Barrett Hayton.
19:44 of 3rd period - Deflect By Nick Merkley.
19:44 of 3rd period - Shot Blocked by Gustav Forsling.
19:44 of 3rd period - Puck is out of play.
19:45 of 3rd period - Henri Ikonen wins face-off versus Akil Thomas in Senators zone.
19:46 of 3rd period - Slapshot by Nick Merkley.
19:46 of 3rd period - Shot Misses the Net.
19:48 of 3rd period - Slapshot by Barrett Hayton.
19:48 of 3rd period - Shot Blocked by Logan O'Connor.
Goals for this period are 0 for Senators vs 0 for Gulls.
Shots for this period are 9 for Senators vs 14 for Gulls.
Overtime #1
0:01 of 1st overtime period - Christoph Bertschy wins face-off versus Scott Wilson in neutral zone.
0:12 of 1st overtime period - Snap shot by C.J Suess.
0:12 of 1st overtime period - Goal by C.J Suess - Senators : 2 - Gulls : 1.
Goals for this period are 1 for Senators vs 0 for Gulls.
Shots for this period are 1 for Senators vs 0 for Gulls.